 Dungeon Crawl Stone Soup version 0.30-a0-457-g4b7bca3bfa (webtiles) character file.

Game seed: 11976029754022250793

1924 ytrimaz the Thaumaturge (level 8, -2/38 (41) HPs)
             Began as a Deep Elf Air Elementalist on Dec 13, 2022.
             Slain by a phantom (3 damage)
             ... on level 6 of the Dungeon.
             The game lasted 00:08:13 (6283 turns).

ytrimaz the Thaumaturge (Deep Elf Air Elementalist) Turns: 6283, Time: 00:08:13

HP:   -2/38 (41)    AC:  4    Str: 11    XL:     8   Next: 96%
MP:   4/24          EV: 13    Int: 23    God:
Gold: 236           SH:  0    Dex: 15    Spells: 21/28 levels left

rFire   . . .      SeeInvis +    (no weapon)
rCold   . . .      Faith    .    (no shield)
rNeg    . . .      Spirit   .    a - +0 robe
rPois   .          Reflect  .    (no helmet)
rElec   .          Harm     .    (no cloak)
rCorr   .          Rampage  .    (no gloves)
Will    .....                    d - +1 pair of boots
Stlth   ++........               (no amulet)
HPRegen 0.26/turn                e - +6 ring of strength
MPRegen 0.19/turn                j - ring of see invisible

@: brilliant, studying Long Blades, drained
A: no striking features
a: no special abilities


You were on level 6 of the Dungeon.
You visited 1 branch of the dungeon, and saw 6 of its levels.

You collected 236 gold pieces.


   Skills:
 + Level 3.4 Dodging
 - Level 2.4 Stealth
 + Level 10.8 Spellcasting
 - Level 4.0 Conjurations
 - Level 8.0 Air Magic


You had 21 spell levels left.
You knew the following spells:

 Your Spells              Type           Power      Damage    Failure   Level
a - Shock                 Conj/Air       100%       1d9       1%          1
b - Static Discharge      Conj/Air       100%       2-7/arc   1%          2
c - Airstrike             Air            32%        2d(5-21)  1%          4

Your spell library contained the following spells:

 Spells                   Type           Power      Damage    Failure   Level
 Swiftness                Air            65%        N/A       1%          3
 Gell's Gravitas          Tloc           18%        N/A       16%         3
 Summon Guardian Golem    Hex/Summ       18%        N/A       16%         3
 Teleport Other           Tloc           18%        N/A       16%         3
 Dispersal                Tloc           9%         N/A       100%        6
 Orb of Destruction       Conj           23%        9d8       100%        7
 Spellforged Servitor     Conj/Summ      16%        N/A       100%        7

Inventory:

Armour
 a - a +0 robe (worn)
 d - a +1 pair of boots (worn)
   (You found it on level 2 of the Dungeon)
 k - a +0 kite shield
   (You found it on level 3 of the Dungeon)
Jewellery
 e - a +6 ring of strength (left hand)
   (You found it on level 2 of the Dungeon)
 j - a ring of see invisible (right hand)
   (You found it on level 2 of the Dungeon)
Wands
 b - a wand of mindburst (12)
   (You found it on level 3 of the Dungeon)
 l - a wand of flame (7)
   (You took it off Pikel on level 4 of the Dungeon)
Scrolls
 g - 2 scrolls of noise
 i - 2 scrolls of enchant weapon
Potions
 c - 5 potions of might
 f - a potion of curing
 h - a potion of resistance

Dungeon Overview and Level Annotations

Branches:
Dungeon (6/15) Zot: 26673
 Temple: D:4-7

Altars:
Dithmenos
Fedhas
Kikubaaqudgha
Sif Muna
Trog
Uskayaw
Xom

#
##########...##.#.....#
##### ####.)o##.#.....#
....# #..'..)...#.....#
###.#
#####.##.z.####.....# #
#.# #.....##.z)#
#.....# # #.#
#.######..O# #.....#
###.####.#### #.gz#
####### ............#
#.Wz# ###.#########
#.@.# #<# ##### ###


You could see an ogre, a phantom, 4 wights, a gnoll and an orc (wandering).


Message History

Unknown command. 😮 HP[+1]
Okay, then.
Okay, then. 😮 MP[+1]
Okay, then.
Aiming: Shock (safe; 1% risk of failure)
Press: ? - help, Q - select action, (/) - cycle Shift-Dir - straight line, f - orc
Aim: an orc, wielding a +0 hand axe and wearing a +0 scale mail (77% to hit)
The zap hits the gnoll.
The zap misses the orc.
The zap hits the wight but does no damage.
The zap hits the gnoll.
The zap hits the orc.
The sentinel's mark upon you fades away.
A wight comes into view. It is wielding a +0 mace.
The gnoll barely misses you. 😮 MP[-1]
You lost 1 mp, and now have 6/24 mp.
Aiming: Shock (safe; 1% risk of failure)
Press: ? - help, Q - select action, (/) - cycle Shift-Dir - straight line, f/p - orc
Aim: an orc, wielding a +0 hand axe and wearing a +0 scale mail (77% to hit)
The zap hits the gnoll!
You kill the gnoll!
The zap hits the orc.
The zap hits the wight!
The zap hits the gnoll.
You kill the gnoll!
The zap hits the orc.
A phantom comes into view.
The gnoll closely misses you. 😮 MP[-1]
You lost 1 mp, and now have 5/24 mp.
Unknown command.
Aiming: Shock (safe; 1% risk of failure)
Press: ? - help, Q - select action, (/) - cycle Shift-Dir - straight line, f/p - orc
Aim: an orc, wielding a +0 hand axe and wearing a +0 scale mail (moderately wounded, 77% to hit)
The zap hits the orc.
You kill the orc!
The zap hits the wight.
The zap hits the orc.
The zap hits the wight but does no damage.
The zap misses the phantom.
The wight hits you but does no damage.
The gnoll hits you from afar with a +0 spear. 😮 MP[-1]
You lost 1 mp, and now have 4/24 mp.
Unknown command.
An ogre comes into view. It is wielding a +0 giant spiked club.
The wight hits you with a +2 spear.
You feel drained. The gnoll misses you.
Items here: $ )) [. 😮 HP[-1]
You now have 40 max hp (-1).
The gnoll attacks as you move away! The gnoll barely misses you.
The wight attacks as you move away! The wight hits you with a +2 spear.
The wight closely misses you. The gnoll closely misses you. 😮 HP[-4]
You take 4 damage, and now have 25/40 hp. 😮 HP[+1] MP[+1]
Aiming: Shock (safe; 1% risk of failure)
Press: ? - help, Q - select action, (/) - cycle Shift-Dir - straight line, f - wight
Aim: a wight, wielding a +2 spear and wearing a +0 robe (heavily damaged, 74% to hit)
The zap hits the wight.
The zap hits the wight but does no damage.
A wight comes into view.
It is wielding a +5 falchion of freezing.
The wight hits you from afar with a +2 spear.
The gnoll hits you from afar with a +0 spear.
* * * LOW HITPOINT WARNING * * *
😨 HP[-9] MP[-1]
You take 9 damage, and now have 17/40 hp.
MASSIVE DAMAGE!! (PAUSE)
You lost 1 mp, and now have 4/24 mp.
Aiming: Shock (safe; 1% risk of failure)
Press: ? - help, Q - select action, (/) - cycle Shift-Dir - straight line, f/p - wight
Aim: a wight, wielding a +2 spear and wearing a +0 robe (severely damaged, 74% to hit)
The zap hits the wight but does no damage.
The zap hits the gnoll!
The zap hits the orc.
You kill the orc!
The zap hits the ogre.
The zap hits the wight.
A wight comes into view. It is wielding a +0 dire flail.
The wight barely misses you. 😨 MP[-1]
You lost 1 mp, and now have 3/24 mp.
Unknown command.
Okay, then.
Okay, then.
Okay, then.
The wight hits you with a +0 mace.
* * * LOW HITPOINT WARNING * * *
The wight hits you from afar with a +2 spear!
* * * LOW HITPOINT WARNING * * *
You feel drained.
* * * LOW HITPOINT WARNING * * *
😱 HP[-16]
You now have 38 max hp (-2).
You take 16 damage, and now have 1/38 hp.
MASSIVE DAMAGE!! (PAUSE) It was a potion of brilliance.
You feel clever all of a sudden.
An orc comes into view.
It is wielding a +2 falchion of flaming.
The wight completely misses you. The wight misses you. The phantom hits you.
You die...

Skill      XL: |  1  2  3  4  5  6  7  8 |
---------------+-------------------------+-----
Conjurations   | 2 3 4 |  4.0
Air Magic      | 4 6 8 |  8.0
Spellcasting   | 5 6 10 | 10.8
Dodging        | 3 |  3.4
Stealth        | |  2.4

Action                   |  1- 3 |  4- 6 |  7- 9 || total
-------------------------+-------+-------+-------++-------
Melee: Unarmed           |       |     1 |       ||     1
 Cast: Shock             |    78 |    68 |    40 ||   186
       Static Discharge  |     6 |     7 |     1 ||    14
       Airstrike         |       |     4 |    14 ||    18
Evoke: Wand              |       |     4 |     2 ||     6
  Use: Scroll            |     9 |     5 |     3 ||    17
       Potion            |     1 |     1 |     2 ||     4
Armor: Robe              |     3 |       |     1 ||     4
Dodge: Dodged            |     7 |    16 |    21 ||    44

Levels and vault maps discovered:
D:1:      scummos_arrival_checkerplants, layout_basic, minmay_crystal_room
D:2:      layout_basic, basic_altar
D:3:      layout_basic, old_standard_altar, mainiacjoe_overflow_chevrons,
          chequers_serial_rivers_small_a
D:4:      layout_cave_pods, fedhas_ov_isle_minmay, mainiacjoe_overflow_brackets,
          uniq_pikel
D:5:      layout_basic, lightli_temple_of_fire, xom_teletrap_fun,
          minmay_manual_mullet
D:6:      layout_basic, minmay_temple_entry_statues_pillars, uniq_edmund

Notes
Turn   | Place    | Note
-------+----------+-------------------------------------------
     0 | D:1      | ytrimaz the Deep Elf Air Elementalist began the quest for
                  | the Orb.
     0 | D:1      | Reached XP level 1. HP: 10/10 MP: 6/6
     0 | D:1      | magus.rc [v1.9.6]
   217 | D:1      | Reached XP level 2. HP: 15/15 MP: 6/8
   351 | D:1      | Reached skill level 2 in Conjurations
  1047 | D:2      | Found a shadowy altar of Dithmenos.
  1150 | D:2      | Reached XP level 3. HP: 19/19 MP: 7/9
  1969 | D:2      | Learned a level 2 spell: Static Discharge
  2237 | D:3      | Reached skill level 4 in Air Magic
  2238 | D:3      | Reached skill level 3 in Conjurations
  2239 | D:3      | HP: 3/19 [/static electricity (3)]
  2239 | D:3      | HP: 1/19 [/static electricity (2)]
  2240 | D:3      | Reached XP level 4. HP: 1/24 MP: 2/10
  2577 | D:3      | Found a hide-covered altar of Uskayaw.
  2729 | D:3      | Found an ancient bone altar of Kikubaaqudgha.
  2977 | D:3      | Learned a level 4 spell: Airstrike
  3129 | D:4      | Reached XP level 5. HP: 28/28 MP: 6/11
  3279 | D:4      | Reached skill level 4 in Conjurations
  3296 | D:4      | Reached skill level 5 in Air Magic
  3580 | D:4      | You pick up a book of Dangerous Friends and begin
                  | reading...
  3580 | D:4      | You add the spells Summon Guardian Golem, Orb of
                  | Destruction and Spellforged Servitor to your library.
  3666 | D:4      | Found a blossoming altar of Fedhas.
  3773 | D:4      | Reached skill level 6 in Air Magic
  3773 | D:4      | Reached XP level 6. HP: 23/32 MP: 2/12
  4014 | D:4      | Found a shimmering blue altar of Sif Muna.
  4071 | D:4      | Noticed Pikel
  4106 | D:4      | Killed Pikel
  4107 | D:4      | Reached skill level 8 in Air Magic
  4107 | D:4      | Reached skill level 5 in Spellcasting
  4107 | D:4      | Reached XP level 7. HP: 27/36 MP: 1/16
  4607 | D:5      | Entered Level 5 of the Dungeon
  4881 | D:5      | Reached skill level 6 in Spellcasting
  4881 | D:5      | Reached XP level 8. HP: 41/41 MP: 12/19
  5127 | D:5      | Found a bloodstained altar of Trog.
  5185 | D:5      | Found a shimmering altar of Xom.
  5381 | D:5      | Reached skill level 7 in Spellcasting
  5404 | D:5      | Noticed a two-headed ogre
  5425 | D:5      | Killed a two-headed ogre
  5426 | D:5      | Reached skill level 10 in Spellcasting
  5567 | D:5      | You add the spells Gell's Gravitas, Teleport Other and
                  | Dispersal to your library.
  6139 | D:6      | Reached skill level 3 in Dodging
  6282 | D:6      | HP: 3/40 [wight/+2 spear (10)]
  6282 | D:6      | HP: 1/38 [wight/+2 spear (2)]
  6283 | D:6      | Slain by a phantom

Vanquished Creatures
  A two-headed ogre (D:5)
  Pikel (D:4)
  A black bear (D:5)
  A gnoll sergeant (D:6)
  A necrophage (D:4)
  A bullfrog (D:4)
  2 scorpions
  A wight (D:5)
  A jelly (D:4)
  An orc priest (D:6)
  2 hounds
  3 iguanas
  An orc wizard (D:6)
  6 gnolls
  6 adders
  An ufetubus (D:6)
  2 worms (D:2)
  A dart slug (D:3)
  13 orcs
  9 ball pythons
  5 bats
  4 endoplasms
  A giant cockroach (D:4)
  11 goblins
  5 hobgoblins
  3 jackals (D:4)
  5 quokkas
  A frilled lizard (D:1)
  2 kobolds
  4 rats
96 creatures vanquished.

Vanquished Creatures (others)
  A plant (D:4)
1 creature vanquished.

Grand Total: 97 creatures vanquished

Table legend:
 A = Non-vault XP
 B = Vault XP
 C = Vault XP percentage of total XP
 D = Non-vault monster count
 E = Vault monster count
 F = Vault count percentage of total count
                 A         B        C        D         E       F
            +---------+---------+-------+---------+---------+-------
      Total |    1062 |    1687 |  61.4 |      91 |       5 |   5.2
            +---------+---------+-------+---------+---------+-------
        D:1 |      38 |       0 |   0.0 |      23 |       0 |   0.0
        D:2 |      34 |       0 |   0.0 |      10 |       0 |   0.0
        D:3 |      54 |       0 |   0.0 |      14 |       0 |   0.0
        D:4 |     483 |     663 |  57.9 |      24 |       1 |   4.0
        D:5 |     179 |    1024 |  85.1 |       5 |       4 |  44.4
        D:6 |     274 |       0 |   0.0 |      15 |       0 |   0.0
            +---------+---------+-------+---------+---------+-------

Illustrated notes

Table legend:
 A = Kills in this place as a percentage of kills in entire the game.
 B = Kills by you in this place as a percentage of kills by you in the entire game.
 C = Kills by friends in this place as a percentage of kills by friends in the entire game.
 D = Other kills in this place as a percentage of other kills in the entire game.
 E = Experience gained in this place as a percentage of experience gained in the entire game.
 F = Experience gained in this place divided by the number of levels of this place that you have seen.
                   A       B       C       D       E      F
               +-------+-------+-------+-------+-------+----------------------
         Total | 100.0 | 100.0 |   N/A |   N/A | 100.0 | 458.2
       Dungeon | 100.0 | 100.0 |   N/A |   N/A | 100.0 | 458.2
               +-------+-------+-------+-------+-------+----------------------

Table legend: (Time is in decaauts)
 A = Elapsed time spent in this place.
 B = Non-inter-level travel time spent in this place.
 C = Inter-level travel time spent in this place.
 D = Time resting spent in this place.
 E = Time spent auto-exploring this place.
 F = Levels seen in this place.
 G = Mean time per level.
                   A        B        C        D        E       F      G
               +--------+--------+--------+--------+--------+-----+--------+
         Total |   6300 |   5981 |    319 |    204 |   5204 |   6 | 1050.0 |
       Dungeon |   6300 |   5981 |    319 |    204 |   5204 |   6 | 1050.0 |
               +--------+--------+--------+--------+--------+-----+--------+

Top non-repeatable levels by time:
     D:4: 1508 daAuts
     D:5: 1366 daAuts
     D:2: 1158 daAuts
     D:1: 1010 daAuts
     D:3: 931 daAuts
     D:6: 325 daAuts
